cohdb
Replays
Latest Replays
All Replays
Popular Replays
Top Player Replays
Match Explorer
How It Works
Community
CoH3 Stats
Reddit
Sign in to upload your games and track your stats! →
Sign in with Steam
Match 46530488
Unlisted
Match 46530488
Overview
Messages
Build Orders
End
Engineer Squad
Construct Weapon Support Center
Sniper
M1919 Machine Gun Team
Construct Medical Station
Selects Advanced Infantry Battlegroup
Selects Artillery Observers
.30 cal Machine Gun
Infantry Support Center
Artillery Observer Squad
Bazooka Squad
Bazooka Squad
Improved M9 Bazooka Rockets
.30 cal Machine Gun
Artillery Observer Squad
Selects M2A1 105mm Howitzer Emplacement
Advanced Logistics
M1919 Machine Gun Team
.30 cal Machine Gun
Mortar Pit
Engineer Squad
Engineer Squad
Bazooka Squad
Selects Free Fire Drills
Selects Convert to Ranger Squad
Selects Frontline Medical Station
Captain Retinue
Engineer Squad
Bazooka Squad
Artillery Observer Squad
.30 cal Machine Gun
Bazooka Squad
Captain Retinue
Brick_man
The_Jonny_Boy94
DanielWise
地雷
Sir Ringe
killmars000
0
0
Comments
sign in to comment!
No comments posted yet!